 Dungeon Crawl Stone Soup version 0.17.2 (webtiles) character file.

2 Charly the Insei (level 1, -4/9 HPs)
             Began as a Vine Stalker Transmuter on July 14, 2016.
             Slain by a worker ant (5 damage)
             ... on level 4 of the Dungeon.
             The game lasted 00:03:44 (317 turns).

Charly the Insei (Vine Stalker Transmuter)           Turns: 317, Time: 00:03:45

Health: -4/9       AC:  6    Str: 12    XL:     1   Next: 30%
Magic:  0/4        EV:  9    Int: 13    God:
Gold:   9          SH:  0    Dex: 14    Spells: 1 memorised, 3 levels left

rFire  . . .     SeeInvis .       - Unarmed
rCold  . . .     Clarity  .     g - +0 scale mail {rN+}
rNeg   + . .     SustAt   .     (no shield)
rPois  .         Gourm    .     (no helmet)
rElec  .         Spirit   +     (no cloak)
rCorr  .         Warding  .     (no gloves)
rMut   .         Stasis   .     (no boots)
MR     .....                    (no amulet)
Stlth  ..........               (no ring)
                                (no ring)

@: lethally poisoned (-4 -> -12), very slightly contaminated, not resistant to
hostile enchantments, extremely unstealthy
A: fangs 2, regeneration 1, magic shield, antimagic bite, no device heal 3, rot
immunity
a: no special abilities


You were on level 4 of the Dungeon.
You were not hungry.

You visited 1 branch of the dungeon, and saw 4 of its levels.

You collected 9 gold pieces.

Inventory:

Missiles
 a - 12 arrows
Armour
 b - a +0 robe
 g - a +0 scale mail of positive energy (worn)
Scrolls
 f - a scroll of immolation
 h - a scroll of enchant weapon {unknown}
Books
 c - a book of Changes

   Spells                             Type                      Level
   a - Beastly Appendage              Transmutation                1
   b - Sticks to Snakes               Transmutation                2
   c - Spider Form                    Transmutation/Poison         3
   d - Ice Form                       Ice/Transmutation            4
   e - Blade Hands                    Transmutation                5
Comestibles
 d - a bread ration


   Skills:
 - Level 0.8 Fighting
 - Level 1.5 Dodging
 + Level 3.1 Unarmed Combat
 - Level 2.1 Spellcasting
 - Level 2.0 Transmutations


You had 3 spell levels left.
You knew the following spells:

 Your Spells              Type           Power        Failure   Level  Hunger
a - Beastly Appendage     Trmt           #.....       65%         1    ##.....


Dungeon Overview and Level Annotations

Branches:
Dungeon (4/15)
 Temple: D:4-7

Altars:
Elyvilon
Qazlal


Innate Abilities, Weirdness & Mutations

You have extremely sharp teeth.
Your natural rate of healing is unusually fast.
When hurt, damage is shared between your health and your magic reserves.
Your bite disrupts and absorbs the magic of your enemies.
Potions and wands cannot restore your health.
You are immune to rotting.


Message History

You feel sick. The worker ant bites you.
You are more poisoned.
The worker ant poisons you!
You closely miss the worker ant. You bite the worker ant. You drain its power.
You feel invigorated.
The worker ant is moderately wounded.
* * * LOW HITPOINT WARNING * * *
You feel sick.
The worker ant bites you but does no damage.
You hit the worker ant but do no damage.
The worker ant is moderately wounded.
* * * LOW HITPOINT WARNING * * *
You feel sick.
The worker ant bites you but does no damage.
You hit the worker ant. Your bite misses the worker ant.
The worker ant is severely wounded.
* * * LOW HITPOINT WARNING * * *
You feel sick. The worker ant bites you. The worker ant bites you.
Ouch! That really hurt!
You die...

....# ##........#
#............ ...#
##.........## #............
..# ##...........#
#.........##. [#
##............# ##.......>###
# #.............## #.......##
# # ##..............#
#.......#
####...............####.....##
.##.................# #...###
...............a@...###..##
..)....a..<.............##
....................###..##
...................## ##..#
#.................## ##.## #
#.##.............##
####..######
#.######.......###
##........... #.# #####..##
#............ #. ####
#........####.


You could see a worker ant.

Vanquished Creatures
  A hobgoblin (D:3)
  A goblin (D:2)
2 creatures vanquished.

Notes
Turn   | Place    | Note
--------------------------------------------------------------
     0 | D:1      | Charly the Vine Stalker Transmuter began the quest for the Orb.
     0 | D:1      | Reached XP level 1. HP: 9/9 MP: 4/4
    51 | D:2      | Found a stormy altar of Qazlal.
    56 | D:2      | Found a white marble altar of Elyvilon.
   125 | D:4      | Noticed a worker ant
   271 | D:4      | Noticed a worker ant
   317 | D:4      | Slain by a worker ant

Action                   || total
-------------------------++-------
Melee: Unarmed           ||    12
 Cast: Beastly Appendage ||     1
  Use: Scroll            ||     1
